 Dungeon Crawl Stone Soup version 0.27-a0-1308-gc08437e49b (webtiles) character file.

Game seed: 8773638997027009054

9 sanka the Magician (level 2, -1/21 HPs)
             Began as a Djinni Summoner on June 18, 2021.
             Slain by a quokka (3 damage)
             ... on level 1 of the Dungeon.
             The game lasted 00:01:19 (755 turns).

sanka the Magician (Djinni Summoner)                 Turns: 755, Time: 00:01:19

Health: -1/21      AC:  2    Str:  7    XL:     2   Next: 25%
Gold:   10         EV: 12    Int: 16    God:
                   SH:  0    Dex: 13

rFire    + + .     SeeInvis .   d - +0 dagger
rCold    x . .     Faith    .   (no shield)
rNeg     . . .     Spirit   .   a - +0 robe
rPois    ∞         Reflect  .   (no helmet)
rElec    .         Harm     .   (no cloak)
rCorr    .         Rampage  .   (no gloves)
Will     .....                  (boots unavailable)
Stlth    ++........             (no amulet)
HPRegen  0.07/turn              (no ring)
MPRegen  0.00/turn              (no ring)

@: flying
A: sickness immunity, fire resistance 2, cold vulnerability 1, float, innate
caster, hp casting, extra vitality 1
a: no special abilities


You were on level 1 of the Dungeon.
You visited 1 branch of the dungeon, and saw 1 of its levels.

You collected 10 gold pieces.


Innate Abilities, Weirdness & Mutations

You are immune to sickness and miasma.
You are immune to poison.
Your flesh is very heat resistant. (rF++)
You are vulnerable to cold. (rC-)
You float through the air rather than walking.
You learn spells naturally, not from books.
Your magical power is your life essence.
You have superior vitality. (+4 HP)


   Skills:
 - Level 2.1 Dodging
 - Level 1.5 Stealth
 + Level 3.6 Spellcasting


You couldn't memorise any spells.
You knew the following spells:

 Your Spells              Type           Power      Damage    Failure   Level
c - Call Canine Familiar  Summ           14%        N/A       12%         3
v - Summon Ice Beast      Ice/Summ       14%        N/A       36%         4
x - Call Imp              Summ           14%        N/A       6%          2
z - Summon Small Mammal   Summ           56%        N/A       4%          1
X - Summon Lightning Spi  Summ/Air       14%        N/A       36%         4
Z - Summon Guardian Gole  Hex/Summ       14%        N/A       12%         3
Your spell library was empty.

Inventory:

Hand Weapons
 d - a +0 dagger (weapon)
Armour
 a - a +0 robe (worn)
Scrolls
 b - a scroll of identify {unknown}
Potions
 c - a potion of attraction {unknown}

Dungeon Overview and Level Annotations

Branches:
Dungeon (1/15)

Altars:

▒▒▒▒ ▒▒▒....▒.▒
▒....▒........▒.▒
▒▒....▒.▒..▒▒▒.▒.▒
........▒......... ▒▒
▒▒▒.▒..▒.▒.▒.▒ ..▒
..▒▒▒▒▒...)..▒.▒.▒.▒▒▒▒▒..▒
.........).Kb..▒.▒.▒......
..▒▒▒▒▒.▒.▒rr.r..▒.▒....▒.▒
▒)▒.▒..R..........+.▒
▒..▒▒▒▒▒.▒.▒▒...▒▒▒......▒.▒
▒........................▒.▒
▒▒.........▒▒▒..▒▒▒▒.....▒.▒
▒▒▒▒▒▒▒.▒▒▒.>.... ▒.....▒.▒
▒.........▒.▒....)▒.▒▒▒▒
▒▒▒▒▒▒▒▒.......................
.............▒.▒▒▒.▒▒..▒▒▒.▒▒..
▒▒.....▒▒.▒▒▒............▒.▒▒..


You could see a quokka (ally target), a kobold, a friendly bat (summoned) and 2
friendly rats.


Message History

You barely miss the kobold.
The kobold is moderately wounded.
Your bat completely misses the kobold.
A kobold comes into view. It is wielding a +0 short sword.
The kobold misses you.
Your rat bites the kobold.
You barely miss the kobold.
The kobold is severely wounded.
The kobold hits you with a +0 club.
* * * LOW HITPOINT WARNING * * *
Your bat misses the kobold.
Your rat closely misses the kobold.
You hit the kobold.
You kill the kobold!
Unknown command.
You closely miss the quokka.
Your bat hits the quokka but does no damage.
The quokka bites you.
* * * LOW HITPOINT WARNING * * *
Your rat completely misses the quokka.
Unknown command.
Your bat hits the quokka but does no damage.
Your rat barely misses the quokka.
Your bat misses the quokka.
Your bat closely misses the kobold.
The quokka closely misses you.
* * * LOW HITPOINT WARNING * * *
The kobold hits your rat with a +0 short sword.
The quokka bites you.
You die...

Action                   || total
-------------------------++-------
Melee: Dagger            ||    31
       Unarmed           ||     9
 Cast: Summon Small Mamm ||    10
 Stab: Sleeping          ||     1
Armor: Robe              ||    10
Dodge: Dodged            ||    24

Levels and vault maps discovered:
D:1:      kennysheep_arrival_seaside, layout_basic

Notes
Turn   | Place    | Note
-------+----------+-------------------------------------------
     0 | D:1      | sanka the Djinni Summoner began the quest for the Orb.
     0 | D:1      | Reached XP level 1. HP: 15/15 MP: 0/0
   579 | D:1      | Reached XP level 2. HP: 4/21 MP: 0/0
   755 | D:1      | Slain by a quokka

Vanquished Creatures
  An endoplasm (D:1)
  A goblin (D:1)
  3 kobolds (D:1)
  A rat (D:1)
6 creatures vanquished.

Vanquished Creatures (collateral kills)
  A bat (D:1)
  A goblin (D:1)
  A hobgoblin (D:1)
3 creatures vanquished.

Grand Total: 9 creatures vanquished
